 Dungeon Crawl Stone Soup version 0.31-a0-1236-gaa9e43cceb (webtiles) character file.

Game seed: 1585968154750281157

903 MacCMillion the Cleaver (level 7, -5/59 HPs)
             Began as a Minotaur Fighter on Dec 15, 2023.
             Was a Believer of Okawaru.
             Slain by a gnoll
             ... wielding a +0 flail
             ... led by a gnoll bouda
              (6 damage)
             ... on level 5 of the Dungeon.
             The game lasted 00:04:47 (3848 turns).

MacCMillion the Cleaver (Minotaur Fighter)          Turns: 3848, Time: 00:04:48

Health: -5/59      AC:  7    Str: 22    XL:     7   Next: 80%
Magic:  6/7        EV:  9    Int:  5    God:    Okawaru [**....]
Gold:   226        SH:  4    Dex: 10    Spells: 6/6 levels left

rFire   . . .        a - +0 war axe
rCold   . . .        c - +0 buckler
rNeg    . . .        b - +0 scale mail
rPois   .            (helmet restricted)
rElec   .            (no cloak)
rCorr   .            (no gloves)
SInv    .            (no boots)
Will    .....        e - amulet of the acrobat Stlth
                     (no ring)
HPRegen 0.29/turn    (no ring)
MPRegen 0.10/turn

%: acrobat
@: mighty
A: horns 2, retaliatory headbutt
a: Renounce Religion, Heroism


You were on level 5 of the Dungeon.
You worshipped Okawaru.
Okawaru was pleased with you.
You visited 2 branches of the dungeon, and saw 6 of its levels.

You collected 226 gold pieces.

Inventory:

Hand Weapons
 a - a +0 war axe (weapon)
Missiles
 v - 2 boomerangs
Armour
 b - a +0 scale mail (worn)
 c - a +0 buckler (worn)
Jewellery
 e - an amulet of the acrobat (around neck)
 n - a ring of fire
Wands
 r - a wand of flame (22)
 t - a wand of iceblast (14)
Scrolls
 f - a scroll of butterflies {unknown}
 i - a scroll of noise {unknown}
 j - 2 scrolls of teleportation {unknown}
 m - 2 scrolls of identify {unknown}
 q - a scroll of poison {unknown}
 s - a scroll of blinking {unknown}
 u - a scroll of acquirement {unknown}
Potions
 d - a potion of might
 g - 2 potions of invisibility {unknown}
 h - 3 potions of degeneration {unknown}
 k - 2 potions of haste {unknown}
 l - 2 potions of brilliance {unknown}
 o - a potion of resistance {unknown}
 p - a potion of mutation {unknown}


   Skills:
 + Level 4.1 Fighting
 + Level 10.2 Axes
 + Level 4.2 Armour
 - Level 4.0 Shields
 + Level 1.4 Invocations


You had 6 spell levels left.
You didn't know any spells.
Your spell library contained the following spells:

 Spells                   Type           Power      Damage    Failure   Level
 Slow                     Hex            0%         N/A       86%         1
 Confusing Touch          Hex            0%         N/A       99%         3
 Sigil of Binding         Hex            0%         N/A       99%         3
 Vampiric Draining        Necr           0%         2d6       99%         3


Dungeon Overview and Level Annotations

Branches:
Dungeon (5/15)             Temple (1/1) D:4

Altars:
Ashenzari
Cheibriados
Dithmenos
Elyvilon
Fedhas
Gozag
Hepliaklqana
Kikubaaqudgha
Makhleb
Nemelex Xobeh
Okawaru
Qazlal
Ru
Trog
Uskayaw
Vehumet
Wu Jian
Xom
Yredelemnul
Zin
The Shining One

Annotations:
Temple 2 transporters


Innate Abilities, Weirdness & Mutations

You have a pair of horns on your head.
You reflexively headbutt those who attack you in melee.


Message History

You feel a bit more experienced. The gnoll hits you but does no damage.
The gnoll barely misses you.
You hit the gnoll bouda but do no damage.
You headbutt the gnoll bouda.
The gnoll bouda is moderately wounded.
The gnoll bouda hits you with a +0 whip!
* * * LOW HITPOINT WARNING * * *
The gnoll hits you from afar with a +0 spear.
* * * LOW HITPOINT WARNING * * *
The gnoll hits you but does no damage.
You slash the gnoll bouda! Your headbutt misses the gnoll bouda.
The gnoll bouda is severely wounded.
Your attacks no longer feel as feeble.
The gnoll is no longer moving quickly.
The gnoll bouda barely misses you. The gnoll closely misses you.
You block the gnoll's attack.
The gnoll bouda barks out a call to the hunt!
The gnoll picks up the pace!
You slash the gnoll bouda!
You kill the gnoll bouda!
Okawaru accepts your kill. You block the gnoll's attack.
The gnoll hits you from afar with a +0 spear.
* * * LOW HITPOINT WARNING * * *
The gnoll attacks as it pursues you! The gnoll closely misses you.
You furiously retaliate!
You headbutt the gnoll. The gnoll attacks as it pursues you!
The gnoll misses you. The gnoll hits you with a +0 flail.
* * * LOW HITPOINT WARNING * * *
You hit the gnoll.
The gnoll is moderately wounded.
The gnoll is no longer moving quickly.
You block the gnoll's attack. The gnoll closely misses you.
You furiously retaliate!
You headbutt the gnoll. You hit the gnoll.
The gnoll is almost dead.
You block the gnoll's attack. The gnoll hits you with a +0 flail!
* * * LOW HITPOINT WARNING * * *
You feel very mighty all of a sudden.
The gnoll is no longer moving quickly.
You block the gnoll's attack. The gnoll hits you with a +0 flail.
You die...

#.#.### . #.#.### #.
#.##### #.#.... ##'#
#.....# #.#..## #...# #.#
##.#..## .....# ####.#
#....... ......# ##.##.#
#.##....
...<..$####...#.###.###.#.
......ggg@!...............
.......####...#.###.###...
......# ##.##.# #^# ##..
.....# ####.# #.####..
#...# #.# #....... ##'#
#.# ######.# #. #.# #.# #
..# #.# #.#


You could see 3 gnolls.

Vanquished Creatures
  Edmund (D:4)
  A phantom (D:5)
  4 scorpions
  2 orc priests
  A gnoll bouda (D:5)
  3 hounds
  Jessica (D:2)
  Ijyb (D:4)
  4 orc wizards
  7 adders
  A worm (D:3)
  2 dart slugs
  14 orcs
  5 endoplasms
  2 giant cockroaches (D:1)
  7 goblins
  5 hobgoblins
  5 quokkas
  8 ball pythons
  4 bats
  A frilled lizard (D:1)
  9 kobolds
  3 rats
91 creatures vanquished.

Notes
Turn   | Place    | Note
-------+----------+-------------------------------------------
     0 | D:1      | MacCMillion the Minotaur Fighter began the quest for the
                  | Orb.
     0 | D:1      | Reached XP level 1. HP: 19/19 MP: 0/0
   139 | D:1      | Reached skill level 3 in Axes
   139 | D:1      | Reached XP level 2. HP: 17/26 MP: 1/1
   608 | D:1      | Found a faded altar of an unknown god.
   958 | D:2      | Reached skill level 4 in Axes
   958 | D:2      | Reached XP level 3. HP: 31/31 MP: 2/2
  1253 | D:2      | Noticed Jessica
  1254 | D:2      | Killed Jessica
  1255 | D:2      | Reached skill level 5 in Axes
  1255 | D:2      | Reached XP level 4. HP: 39/39 MP: 3/3
  1649 | D:3      | Found a hazy altar of Hepliaklqana.
  1751 | D:3      | Found an ornate altar of the Wu Jian Council.
  1764 | D:3      | Found a glowing silver altar of Zin.
  1786 | D:3      | Reached skill level 6 in Axes
  1786 | D:3      | Reached XP level 5. HP: 45/45 MP: 4/4
  2358 | D:4      | Found a staircase to the Ecumenical Temple.
  2369 | Temple   | Found a transporter.
  2369 | Temple   | Found a transporter.
  2369 | Temple   | Found a transporter.
  2369 | Temple   | Found a transporter.
  2369 | Temple   | Entered the Ecumenical Temple
  2385 | Temple   | Became a worshipper of Warmaster Okawaru
  2575 | D:4      | Reached skill level 7 in Axes
  2622 | D:4      | Reached XP level 6. HP: 39/51 MP: 5/5
  2853 | D:4      | Noticed Ijyb
  2857 | D:4      | Killed Ijyb
  2858 | D:4      | Reached skill level 8 in Axes
  3058 | D:4      | Noticed Edmund
  3067 | D:4      | Killed Edmund
  3067 | D:4      | Reached * piety under Okawaru
  3317 | D:4      | Reached skill level 9 in Axes
  3317 | D:4      | Reached XP level 7. HP: 56/57 MP: 6/6
  3413 | D:5      | Entered Level 5 of the Dungeon
  3561 | D:5      | Found a burning altar of Makhleb.
  3716 | D:5      | Reached skill level 10 in Axes
  3832 | D:5      | Reached skill level 1 in Invocations
  3841 | D:5      | Reached ** piety under Okawaru
  3847 | D:5      | HP: 1/59 [gnoll/+0 flail[a gnoll bouda] (8)]
  3848 | D:5      | Slain by a gnoll

Illustrated notes

Levels and vault maps discovered:
D:1:      matt_arrival_spirals, layout_loops_ring,
          shapermc_ecumenical_altar_starsandcircs
D:2:      layout_basic, uniq_jessica
D:3:      layout_basic, worldfamousw_hep_ancestral_shrine,
          mainiacjoe_overflow_catwalk_spiral
D:4:      layout_gridville, minmay_temple_entry_sparse_star, uniq_ijyb,
          uniq_edmund
D:5:      layout_loops_corners, bloody_makhleb
Temple:   hellmonk_temple_divided_pantheon

Skill      XL: |  1  2  3  4  5  6  7 |
---------------+----------------------+-----
Axes           | 3 4 5 6 7 9 10 | 10.2
Shields        | 4 |  4.0
Fighting       | 4 |  4.1
Armour         | 4 |  4.2
Invocations    | 1 |  1.4

Action                     |  1- 3 |  4- 6 |  7- 9 || total
---------------------------+-------+-------+-------++-------
  Melee: War axe           |    60 |    81 |    56 ||   197
         Headbutt          |     4 |    11 |     8 ||    23
    Use: Potion            |       |       |     1 ||     1
 Armour: Scale mail        |    29 |    46 |    45 ||   120
  Dodge: Dodged            |    27 |    50 |    29 ||   106
  Block: Buckler           |    11 |    22 |    13 ||    46

Table legend: (Time is in decaauts)
 A = Elapsed time spent in this place.
 B = Non-inter-level travel time spent in this place.
 C = Inter-level travel time spent in this place.
 D = Time resting spent in this place.
 E = Time spent auto-exploring this place.
 F = Levels seen in this place.
 G = Mean time per level.
                   A        B        C        D        E       F      G
               +--------+--------+--------+--------+--------+-----+--------+
         Total |   3886 |   3754 |    132 |    187 |   3041 |   6 |  647.7 |
       Dungeon |   3853 |   3732 |    121 |    187 |   3041 |   5 |  770.6 |
        Temple |     32 |     21 |     11 |      0 |      0 |   1 |   32.0 |
               +--------+--------+--------+--------+--------+-----+--------+

Top non-repeatable levels by time:
     D:4: 1028 daAuts
     D:1: 887 daAuts
     D:3: 847 daAuts
     D:2: 654 daAuts
     D:5: 435 daAuts
  Temple: 32 daAuts
